Match 41460974
Unlisted

Match 41460974
End
Kettenkrad Recon Vehicle
Construct Infanterie Kompanie
Grenadier Squad
MG 42 Machine Gun Team
Grenadier Squad
Infanterie Officer Quarters
Sniper
Selects Mechanized Battlegroup
Construct Panzergrenadier Kompanie
Pak 40 Anti-tank Gun Team
251 Medium Carrier
Selects Raid Package
Panzergrenadier Squad
Selects StuG Assault Group
StuG Assault Group
KevinTDW
WayTooTicklish
BananaInPajamas
The World
0
0

Comments sign in to comment!

No comments posted yet!